 Dungeon Crawl Stone Soup version 0.18.1-8-gdd0e5ea (webtiles) character file.

1498 Krapule the Charmwright (level 8, -3/75 HPs)
             Began as a Naga Skald on May 23, 2016.
             Killed by divine providence
             ... invoked by an orc priest
              (8 damage)
             ... on level 6 of the Dungeon.
             The game lasted 00:41:20 (8722 turns).

Krapule the Charmwright (Naga Skald)                Turns: 8722, Time: 00:41:21

Health: -3/75      AC:  9    Str: 16    XL:     8   Next: 81%
Magic:  14/14      EV:  7    Int: 14    God:
Gold:   247        SH:  3    Dex: 10    Spells: 4 memorised, 5 levels left

rFire  . . .     SeeInvis +     a - +1 trident
rCold  + . .     Gourm    .     B - +2 ring mail {rC+}
rNeg   . . .     Faith    .     v - +0 buckler
rPois  +         Spirit   .     (no helmet)
rElec  .         Dismiss  .     i - +1 cloak
rCorr  .         Reflect  .     (no gloves)
SustAt .         Harm     .     (no barding)
MR     +....                    (no amulet)
Stlth  ..........               (no ring)
                                (no ring)

@: very heavily drained, very slow, somewhat resistant to hostile enchantments,
extremely unstealthy
A: see invisible, deformed body, poison resistance, slowness 2, slow metabolism
1, spit poison 2, AC +2
a: Spit Poison


You were on level 6 of the Dungeon.
You were near starving.

You visited 2 branches of the dungeon, and saw 7 of its levels.

You collected 247 gold pieces.

Inventory:

Hand Weapons
 a - a +1 trident (weapon)
 b - a +0 hand crossbow
Missiles
 o - 2 javelins (quivered)
 A - 8 bolts
Armour
 i - a +1 cloak (worn)
 v - a +0 buckler (worn)
 B - a +2 ring mail of cold resistance (worn)
Jewellery
 j - an uncursed ring of poison resistance {unknown}
 n - an uncursed amulet of harm
Wands
 g - a wand of lightning (15/15)
 x - a wand of confusion (22/48)
Scrolls
 k - a scroll of holy word
 p - 5 scrolls of fog
 q - a scroll of identify
 r - 6 scrolls of remove curse
 u - a scroll of enchant armour
 y - 2 scrolls of blinking
Potions
 e - 2 potions of curing
 m - a potion of resistance
 s - a potion of lignification
 t - a potion of berserk rage
 z - a potion of haste
Books
 c - a book of Battle

   Spells                             Type                      Level
   a - Infusion                       Charms                       1
   b - Shroud of Golubria             Charms/Translocation         2
   c - Song of Slaying                Charms                       2
   d - Spectral Weapon                Hexes/Charms                 3
   e - Regeneration                   Charms/Necromancy            3
Comestibles
 d - 6 bread rations
 f - 2 beef jerkies
 h - 7 meat rations
 l - 2 slices of pizza
 w - 2 royal jellies


   Skills:
 * Level 5.6(0.5) Fighting
 - Level 2.0(0.0) Polearms
 + Level 3.3(0.0) Armour
 + Level 3.1(0.0) Dodging
 + Level 2.1(0.0) Shields
 + Level 4.1(0.0) Spellcasting
 - Level 1.0(0.0) Hexes
 * Level 5.8(0.7) Charms
 - Level 1.0(0.0) Necromancy
 + Level 0.0 Translocations


You had 5 spell levels left.
You knew the following spells:

 Your Spells              Type           Power        Failure   Level  Hunger
a - Song of Slaying       Chrm           #.......     92%         2    ###....
b - Shroud of Golubria    Chrm/Tloc      #.........   96%         2    ###....
c - Regeneration          Chrm/Necr      #.........   100%        3    ####...
d - Spectral Weapon       Hex/Chrm       #.......     100%        3    ####...


Dungeon Overview and Level Annotations

Branches:
Dungeon (6/15)             Temple (1/1) D:5

Altars:
Ashenzari
Dithmenos
Fedhas
Nemelex Xobeh
Okawaru
Pakellas
Qazlal
Ru
Trog
Vehumet
Yredelemnul
Zin
The Shining One

Annotations:
D:4 Shtopit's ghost, amateur OgBe


Innate Abilities, Weirdness & Mutations

You cannot wear boots.
Your serpentine skin is tough (AC +2).
You have supernaturally acute eyesight.
Armour fits poorly on your strangely shaped body.
Your system is resistant to poisons.
You cover ground very slowly.
You have a slow metabolism.
You can spit poison.


Message History

You hit the orc warrior but do no damage.
The orc warrior is moderately wounded.
The orc warrior hits you with a battleaxe!
* * * LOW HITPOINT WARNING * * *
You barely miss the orc warrior.
The orc warrior is heavily wounded.
The orc warrior hits you with a battleaxe!
* * * LOW HITPOINT WARNING * * *
The orc warrior closely misses you.
An orc priest comes into view. It is wielding a flail.
You barely miss the orc warrior.
The orc warrior is heavily wounded.
The orc warrior looks more healthy.
The orc priest calls upon Beogh to heal the orc warrior.
The orc warrior is healed somewhat.
The orc warrior hits you with a battleaxe!
* * * LOW HITPOINT WARNING * * *
The orc priest mumbles some strange prayers to Beogh against you.
Beogh smites you!
You die...

# ##.....## **###.#
#.##.# ##...##
#.....# #.##.#
##'## #>#####
#.##.. #.# *.#
#.##.# #.# *.#
#.##.. ##.#######.#
#.##.# ###
##.(........#
#.....
###.###.....####..#
####.#
.......#.<.#####@.#
#.#
.#####.#..##ooo...#
#.# .#
#.#..##.###.## #..
.# #.o.....# #.#
### .#
#.#..######.#
.#***#.#.........#
..,,,..##.########
##***####.# #.#


You could see an orc warrior and 2 orc priests.

Vanquished Creatures
  2 orc warriors (D:6)
  A centaur (D:5)
  2 scorpions (D:5)
  5 wights (D:6)
  2 howler monkeys
  2 crimson imps
  A giant frog skeleton (D:6)
  2 hounds
  A jelly (D:5)
  5 orc priests
  7 orc wizards
  3 worker ants
  A hound skeleton (D:6)
  A howler monkey skeleton (D:4)
  11 adders
  A shadow imp (D:4)
  An ooze (D:4)
  2 dart slugs
  4 giant geckos
  13 orcs
  8 giant cockroaches
  5 hobgoblins
  15 jackals
  4 quokkas
  8 bats
  4 giant newts (D:2)
  10 goblins
  13 kobolds
  10 rats
144 creatures vanquished.

Vanquished Creatures (others)
  2 orcs (D:3)
2 creatures vanquished.

Grand Total: 146 creatures vanquished

Notes
Turn   | Place    | Note
--------------------------------------------------------------
     0 | D:1      | Krapule the Naga Skald began the quest for the Orb.
     0 | D:1      | Reached XP level 1. HP: 19/19 MP: 3/3
   232 | D:1      | Reached XP level 2. HP: 13/27 MP: 5/5
   643 | D:1      | Reached skill level 1 in Dodging
   923 | D:1      | Reached skill level 1 in Armour
   923 | D:1      | Reached XP level 3. HP: 5/33 MP: 6/6
  1307 | D:2      | Found a sacrificial altar of Ru.
  1939 | D:2      | Found an iron altar of Okawaru.
  2162 | D:2      | Reached XP level 4. HP: 32/40 MP: 7/7
  2740 | D:3      | Found a basalt altar of Yredelemnul.
  3224 | D:3      | Reached XP level 5. HP: 48/49 MP: 9/9
  3382 | D:3      | Learned a level 2 spell: Song of Slaying
  4100 | D:4      | Found a glowing golden altar of the Shining One.
  4116 | D:4      | Noticed Shtopit's ghost (amateur OgBe)
  4678 | D:4      | Reached XP level 6. HP: 56/56 MP: 10/10
  5089 | D:4      | Found a shadowy altar of Dithmenos.
  5169 | D:5      | Entered Level 5 of the Dungeon
  5311 | D:5      | Found a radiant altar of Vehumet.
  5607 | D:5      | Reached skill level 1 in Shields
  5757 | D:5      | Reached XP level 7. HP: 32/63 MP: 12/12
  5774 | D:5      | HP: 4/96 [poisoned by an orc wizard]
  5774 | D:5      | HP: 1/96 [orc/hand axe (3)]
  6137 | D:5      | Found a staircase to the Ecumenical Temple.
  6207 | Temple   | Entered the Ecumenical Temple
  6529 | D:5      | Learned a level 2 spell: Shroud of Golubria
  6533 | D:5      | Learned a level 3 spell: Regeneration
  6537 | D:5      | Learned a level 3 spell: Spectral Weapon
  6953 | D:5      | Reached skill level 5 in Charms
  7155 | D:6      | Reached XP level 8. HP: 72/73 MP: 13/13
  7599 | D:6      | Reached skill level 1 in Hexes
  7662 | D:6      | Reached skill level 5 in Fighting
  7665 | D:6      | HP: 1/111 [orc priest/divine providence (9)]
  8236 | D:6      | Reached skill level 1 in Necromancy
  8575 | D:6      | Found a sparkling altar of Nemelex Xobeh.
  8722 | D:6      | Killed from afar by an orc priest

Skill      XL: |  1  2  3  4  5  6  7  8 |
---------------+-------------------------+-----
Dodging        | 1 2 3 |  3.1
Armour         | 1 2 3 |  3.3
Fighting       | 3 4 5 |  5.6
Spellcasting   | 3 4 |  4.1
Charms         | 4 5 |  5.8
Shields        | 1 2 |  2.1
Hexes          | 1 |  1.0
Necromancy     | 1 |  1.0
Polearms       | |  2.0

Action                   |  1- 3 |  4- 6 |  7- 9 || total
-------------------------+-------+-------+-------++-------
Melee: Spear             |   204 |    10 |       ||   214
       Trident           |       |   266 |   264 ||   530
 Fire: Hand crossbow     |       |       |     6 ||     6
Throw: Javelin           |     3 |    10 |     3 ||    16
 Cast: Regeneration      |       |       |     1 ||     1
       Shroud of Golubri |       |       |     1 ||     1
       Spectral Weapon   |       |       |     1 ||     1
 Abil: Spit Poison       |     2 |    20 |    15 ||    37
  Use: Scroll            |     1 |    10 |     5 ||    16
       Potion            |       |       |    10 ||    10
 Stab: Distracted        |     1 |       |       ||     1
  Eat: Chunk             |     3 |    11 |     8 ||    22
Armor: Leather armour    |    70 |     6 |       ||    76
       Ring mail         |       |   124 |    85 ||   209
       Skin              |       |       |    43 ||    43
Dodge: Dodged            |    86 |    99 |   113 ||   298
Block: Buckler           |       |    39 |    39 ||    78
